 Dungeon Crawl Stone Soup version 0.29-a0-284-gf9362112df (webtiles) character file.

Game seed: 10005380337823724121

6967 spiderkeys the Transmogrifier (level 10, -2/51 (53) HPs)
             Began as a Spriggan Abyssal Knight on Mar 15, 2022.
             Was a High Priest of Lugonu.
             Slain by a wight
             ... wielding a +0 battleaxe
              (6 damage)
             ... on level 9 of the Dungeon.
             The game lasted 00:20:49 (12056 turns).

spiderkeys the Transmogrifier (SpAK)               Turns: 12056, Time: 00:20:49

HP:   -2/51 (53)    AC:  8    Str:  6    XL:     10   Next: 81%
MP:   21/21         EV: 25    Int: 16    God:    Lugonu [*****.]
Gold: 478           SH:  0    Dex: 25    Spells: 9/23 levels left

rFire   . . .      SeeInvis +   i - +10 spear of Distraction {venom, Fly Str-3 Dex+5}
rCold   . . .      Faith    +   (no shield)
rNeg    . . .      Spirit   .   H - +0 acid dragon scales
rPois   .          Reflect  .   (helmet restricted)
rElec   .          Harm     .   (no cloak)
rCorr   +          Rampage  .   (gloves unavailable)
Will    +....                   (boots unavailable)
Stlth   +++.......              T - amulet of faith {!P}
HPRegen 0.17/turn               R - ring of resist corrosion
MPRegen 0.17/turn               D - +6 ring of dexterity

@: about to teleport, flying, lightly drained, very quick
A: very small, no large weapons, unfitting armour, see invisible, speed 3, horns
1, iridescent scales 1, clumsy 1
a: Renounce Religion, Depart the Abyss, Bend Space, Banish, Corrupt, Enter the
Abyss


You were on level 9 of the Dungeon.
You worshipped Lugonu.
Lugonu was extremely pleased with you.
You visited 1 branch of the dungeon, and saw 9 of its levels.
You visited the Abyss 1 time.
You also visited: Ossuary.

You collected 478 gold pieces.


Innate Abilities, Weirdness & Mutations

You are very small and have problems with some larger weapons.
You are too small for most types of armour.
You have supernaturally acute eyesight. (SInv)
You cover ground extremely quickly. (Speed+++)
You have a pair of small horns on your head.
You are partially covered in iridescent scales. (AC +2)
You are clumsy. (Dex -2)


   Skills:
 + Level 6.8 Fighting
 - Level 3.1 Short Blades
 + Level 10.5 Dodging
 - Level 3.0 Stealth
 - Level 7.1 Spellcasting
 * Level 12.4 Transmutations
 + Level 3.9 Air Magic
 - Level 1.7 Invocations


You had 9 spell levels left.
You knew the following spells:

 Your Spells              Type           Power      Damage    Failure   Level
b - Beastly Appendage     Tmut           90%        N/A       1%          1
e - Ensorcelled Hibernat  Hex/Ice        10%        N/A       36%         2
p - Passwall              Tmut/Erth      20%        N/A       3%          2
s - Storm Form            Tmut/Air       16%        N/A       100%        7
w - Wereblood             Tmut           45%        N/A       1%          2

Your spell library contained the following spells:

 Spells                   Type           Power      Damage    Failure   Level
 Spider Form              Tmut/Pois      25%        N/A       6%          3
 Shock                    Conj/Air       48%        1d6       11%         1
 Swiftness                Air            18%        N/A       14%         3
 Sandblast                Erth           10%        2d5       26%         1
 Blink                    Tloc           10%        N/A       36%         2
 Gell's Gravitas          Tloc           5%         N/A       58%         3
 Teleport Other           Tloc           5%         N/A       58%         3
 Passage of Golubria      Tloc           5%         N/A       94%         4
 Silence                  Hex/Air        6%         N/A       97%         5
 Manifold Assault         Tloc           5%         N/A       100%        5
 Summon Forest            Summ/Tloc      2%         N/A       100%        5
 Summon Mana Viper        Hex/Summ       5%         N/A       100%        5
 Dispersal                Tloc           2%         N/A       100%        6
 Summon Cactus Giant      Summ           2%         N/A       100%        6
 Lehudib's Crystal Spear  Conj/Erth      2%         10d2      100%        8

Inventory:

Hand Weapons
 a - a +1 short sword
 i - the +10 spear of Distraction (weapon) {venom, Fly Str-3 Dex+5}
   (You found it on level 3 of the Dungeon)

   It poisons the flesh of those it strikes.
   Str:       It affects your strength (-3).
   Dex:       It affects your dexterity (+5).
   Fly:       It grants you flight.
Missiles
 d - 126 stones
 n - 7 poisoned darts
 y - 2 throwing nets {=f!f}
 E - a boomerang
Armour
 b - a +0 robe
 x - a +0 robe
   (You took it off an orc wizard on level 4 of the Dungeon)
 z - a +0 robe
   (You took it off an orc wizard on level 7 of the Dungeon)
 B - an orb of guile
   (You found it on level 5 of the Dungeon)
 C - a +0 robe
   (You took it off an orc wizard on level 6 of the Dungeon)
 F - a +0 robe
   (You took it off Pikel on level 5 of the Dungeon)
 H - +0 acid dragon scales (worn)
   (You took it off Maggie on level 6 of the Dungeon)
 J - a +0 robe
   (You took it off a gnoll shaman on level 6 of the Dungeon)
 K - a +0 robe
   (You took it off a wight on level 6 of the Dungeon)
 L - a +0 robe
   (You took it off a wight on level 6 of the Dungeon)
 M - a +0 robe
   (You took it off a wight on level 6 of the Dungeon)
 N - a +0 robe
   (You took it off a wight on level 6 of the Dungeon)
 O - a +0 robe
   (You took it off an orc wizard on level 7 of the Dungeon)
 P - a +0 robe
   (You took it off an orc wizard on level 7 of the Dungeon)
 Q - a +0 robe
   (You took it off a gnoll shaman on level 7 of the Dungeon)
Magical Staves
 t - a staff of death {!a}
   (You found it on level 4 of the Dungeon)
 S - a staff of air {!a}
   (You found it on level 7 of the Dungeon)
Jewellery
 D - a +6 ring of dexterity (right hand)
   (You found it on level 5 of the Dungeon)
 R - a ring of resist corrosion (left hand)
   (You found it on level 3 of the Dungeon)
 T - an amulet of faith (around neck) {!P}
   (You found it on level 2 of the Dungeon)
Wands
 e - a wand of digging (6)
   (You found it on level 4 of the Dungeon)
 m - a wand of mindburst (18)
   (You took it off Ijyb on level 3 of the Dungeon)
 s - a wand of iceblast (4)
   (You found it on level 4 of the Dungeon)
 G - a wand of flame (14)
   (You found it on level 6 of the Dungeon)
Scrolls
 c - 2 scrolls of blinking {!r}
 g - a scroll of holy word
 p - 3 scrolls of teleportation {@r4}
 v - a scroll of brand weapon
 w - a scroll of vulnerability {!r!r}
 I - 2 scrolls of enchant weapon
Potions
 f - 3 potions of degeneration {!q}
 h - 3 potions of attraction {!q}
 l - 2 potions of flight
 o - a potion of haste {@q3}
 u - a potion of curing {unknown}

Dungeon Overview and Level Annotations

Branches:
Dungeon (9/15)             Temple (0/1) D:4            Lair (0/6) D:8
Ossuary (visited)
    Orc: D:9-12

Altars:
Cheibriados
Dithmenos
Hepliaklqana
Ru
Sif Muna
Trog
Uskayaw
Yredelemnul
Zin

Shops:
D:1 [   D:7 *

Annotations:
D:5 enile's ghost, novice GnWn

### ... #.#
#.. #.######
#.?.[..#
#.####.# #z#
#.# #@# #.#
#z# #.## #.#
#..# ..#
##$#
###.#####.#
# .(z...##.#
#.##.##.##.#
#.#...#.##.#
...._.....Y#


You could see 3 wights.


Message History

You take 6 damage, and now have 41/53 hp.
You hit the yak but do no damage. The yak gores you.
The yak misses you. 😮 HP[-4]
You take 4 damage, and now have 37/53 hp.
You are too injured to fight recklessly!
You are too injured to fight recklessly!
Space bends around you!
You blink.
The yak completely misses you. The yak misses you. 😮 HP[-1] MP[-1]
You take 1 damage, and now have 36/53 hp.
You lost 1 mp, and now have 20/21 mp. 😮 MP[+1]
Your mp is fully restored (21). 😮 HP[+1]
You closely miss the yak. You headbutt the yak, but do no damage.
The yak gores you! 😮 HP[-7]
You take 7 damage, and now have 30/53 hp.
You puncture the yak!
The yak is poisoned.
A yak comes into view.
You hit the yak. Your headbutt misses the yak. You hit the yak.
You headbutt the yak, but do no damage. The yak misses you.
You puncture the yak!
The yak looks as sick as possible!
The yak misses you. 😮 HP[+1]
You hit the yak.
The yak looks as sick as possible!
You kill the yak!
Lugonu accepts your kill.
You hit the yak.
The yak looks as sick as possible!
You headbutt the yak, but do no damage. The yak gores you. 😮 HP[-4]
You take 4 damage, and now have 27/53 hp.
You hit the yak.
The yak looks as sick as possible!
You kill the yak!
Lugonu accepts your kill. The yak gores you.
* * * LOW HITPOINT WARNING * * *
😨 HP[-3]
You take 3 damage, and now have 24/53 hp.
You puncture the yak!
The yak looks as sick as possible!
You headbutt the yak. The yak closely misses you.
You closely miss the yak. You headbutt the yak, but do no damage.
The yak misses you.
You puncture the yak!
The yak looks as sick as possible!
The yak completely misses you. 😨 HP[+1]
You hit the yak.
The yak looks as sick as possible!
Your headbutt misses the yak.
You kill the yak!
Lugonu accepts your kill.
You puncture the yak!
The yak looks as sick as possible!
You headbutt the yak, but do no damage. The yak misses you.
You hit the yak.
The yak looks as sick as possible!
The yak barely misses you.
You hit the yak.
The yak looks as sick as possible!
The yak closely misses you.
You puncture the yak!
The yak looks as sick as possible!
You punch the yak, but do no damage. The yak completely misses you. 😨 HP[+1]
You hit the yak.
The yak looks as sick as possible!
You headbutt the yak.
You kill the yak!
Lugonu accepts your kill.
You hit the yak. You headbutt the yak, but do no damage.
You punch the yak, but do no damage.
A yak comes into view.
The yak closely misses you. The yak completely misses you.
The yak bellows!
You puncture the yak!
The yak is poisoned.
Your headbutt misses the yak. The yak closely misses you.
You puncture the yak!
The yak looks as sick as possible!
You headbutt the yak, but do no damage. The yak gores you!
* * * LOW HITPOINT WARNING * * *
😨 HP[-7]
You take 7 damage, and now have 19/53 hp.
You kill the yak!
Lugonu accepts your kill. 😨 HP[+1]
A wight comes into view. It is wielding a +0 great sword.
You see here 12 gold pieces. 😨 HP[+1]
You see here a +0 leather armour.
A wight comes into view. It is wielding a +0 battleaxe.
You see here a scroll labelled OCHAME DUPPO.
As you read the scroll of identify {@r1}, it crumbles to dust. a scroll of amnesia 😨 HP[+1]
You see here a scroll of amnesia.
A wight comes into view.
It is wielding a +3 falchion of freezing.
As you read the scroll of teleportation {@r4}, it crumbles to dust.
You feel strangely unstable.
You puncture the wight!
You headbutt the wight, but do no damage.
The wight completely misses you.
You puncture the wight!
The wight hits you with a +3 falchion of freezing.
* * * LOW HITPOINT WARNING * * *
The wight freezes you.
* * * LOW HITPOINT WARNING * * *
The wight hits you with a +0 battleaxe!
* * * LOW HITPOINT WARNING * * *
You feel drained.
You die...

Skill      XL: |  1  2  3  4  5  6  7  8  9 10 |
---------------+-------------------------------+-----
Stealth        | 1 2 3 |  3.0
Dodging        | 4 5 7 8 9 10 | 10.5
Short Blades   | 3 |  3.1
Fighting       | 3 4 5 6 |  6.8
Spellcasting   | 1 3 4 5 6 7 |  7.1
Transmutations | 2 6 8 10 12 | 12.4
Air Magic      | 2 3 |  3.9
Invocations    | |  1.7

Action                   |  1- 3 |  4- 6 |  7- 9 | 10-12 || total
-------------------------+-------+-------+-------+-------++-------
Melee: Short sword       |   181 |    25 |       |       ||   206
       Spear             |       |    94 |   321 |   141 ||   556
       Punch             |       |     3 |     5 |     4 ||    12
       Headbutt          |       |       |       |    12 ||    12
Throw: Dart              |       |       |     4 |     2 ||     6
Invok: Bend Space        |       |       |       |     4 ||     4
  Use: Potion            |     1 |       |     4 |     7 ||    12
       Scroll            |       |     8 |     1 |     3 ||    12
 Stab: Sleeping          |     4 |    14 |     8 |     2 ||    28
       Distracted        |       |     1 |     2 |       ||     3
Armor: Robe              |    14 |     5 |     4 |       ||    23
       Acid dragon scale |       |       |     8 |    11 ||    19
Dodge: Dodged            |   132 |    71 |   244 |   192 ||   639

Levels and vault maps discovered:
D:1:      mrwooster_arrival_arrow, layout_basic, serial_shops, shop,
          chequers_ecumenical_altar_island
D:2:      layout_rooms
D:3:      layout_rooms, mainiacjoe_overflow_chevrons,
          nicolae_hepliaklqana_hazy_memory, mainiacjoe_overflow_catwalk,
          serial_bayou_pond_b, minmay_unequal, uniq_ijyb
D:4:      layout_basic, nzn_overflow_gifts_of_might_and_magic,
          minmay_temple_entry_slanted
D:5:      layout_loops_ring, gammafunk_ghost_stat_death,
          nicolae_ossuary_entry_false_entrances
D:6:      layout_rooms, uniq_maggie, uniq_grinder, uniq_pikel
D:7:      layout_cave_pods, mainiacjoe_overflow_six_doors_small, serial_shops,
          nicolae_shop_temple_entry_statues_fountains,
          minmay_misc_feat_ornament, minmay_holes
D:8:      layout_cave_pods, mainiacjoe_overflow_alcove_1,
          mainiacjoe_overflow_24_doors, lair_entry_dummy,
          kennysheep_generic_room_10
D:9:      gammafunk_cloud_chamber, layout_basic, nicolae_overflow_crystal_walls,
          david_orc_5, serial_curves, eino_curves_02, eino_curves_01,
          hive_lemuel, uniq_joseph

Notes
Turn   | Place    | Note
-------+----------+-------------------------------------------
     0 | Abyss:1  | spiderkeys the Spriggan Abyssal Knight began the quest for
                  | the Orb.
     0 | Abyss:1  | Reached XP level 1. HP: 11/11 MP: 3/3
     0 | Abyss:1  | magus.rc [v1.11.3]
    14 | Abyss:1  | Found a corrupted altar of Lugonu.
    30 | D:1      | You pass through the gate.
    30 | D:1      | Escaped the Abyss
   475 | D:1      | Found a faded altar of an unknown god.
   519 | D:1      | Reached skill level 1 in Stealth
   595 | D:1      | Reached XP level 2. HP: 16/16 MP: 4/4
   664 | D:1      | HP: 2/16 [frozen (3)]
  1195 | D:1      | Reached *** piety under Lugonu
  1196 | D:1      | Reached skill level 2 in Stealth
  1251 | D:1      | Found Kud Gump's Armour Shoppe.
  1417 | D:1      | Reached XP level 3. HP: 15/19 MP: 5/5
  2042 | D:2      | Identified the +3 leather armour "Wousal" {rF+}
  2303 | D:2      | HP: 3/19 [adder (2)]
  2310 | D:2      | Reached skill level 4 in Dodging
  2311 | D:2      | Reached skill level 3 in Short Blades
  2840 | D:2      | Reached skill level 3 in Fighting
  2840 | D:2      | Reached XP level 4. HP: 21/24 MP: 6/6
  3030 | D:2      | Reached skill level 3 in Stealth
  3067 | D:2      | You add the spells Blink, Manifold Assault and Storm Form
                  | to your library.
  3244 | D:2      | You add the spells Gell's Gravitas, Teleport Other and
                  | Dispersal to your library.
  3338 | D:3      | Noticed Ijyb
  3387 | D:3      | You pick up a book of Burglary and begin reading...
  3387 | D:3      | You add the spells Passwall, Ensorcelled Hibernation and
                  | Swiftness to your library.
  3393 | D:3      | Learned a level 2 spell: Ensorcelled Hibernation
  3412 | D:3      | Identified the +10 spear of Distraction {venom, Fly Str-3
                  | Dex+5}
  3475 | D:3      | Found a glowing silver altar of Zin.
  3481 | D:3      | Found a hazy altar of Hepliaklqana.
  3549 | D:3      | Reached skill level 1 in Spellcasting
  3566 | D:3      | You pick up a book of the Wilderness and begin reading...
  3566 | D:3      | You add the spells Summon Forest, Summon Mana Viper and
                  | Summon Cactus Giant to your library.
  3577 | D:3      | Learned a level 2 spell: Passwall
  3581 | D:3      | HP: 5/24 [disintegration (12)]
  3582 | D:3      | Killed Ijyb
  3583 | D:3      | Reached XP level 5. HP: 6/28 MP: 6/8
  3853 | D:3      | Found a sacrificial altar of Ru.
  3874 | D:3      | Reached skill level 2 in Spellcasting
  3922 | D:3      | Reached **** piety under Lugonu
  4373 | D:4      | Reached skill level 3 in Spellcasting
  4554 | D:4      | Found a staircase to the Ecumenical Temple.
  4585 | D:4      | Reached skill level 5 in Dodging
  4591 | D:4      | Reached XP level 6. HP: 31/32 MP: 10/12
  4683 | D:4      | You pick up a book of the Moon and begin reading...
  4683 | D:4      | You add the spells Passage of Golubria, Silence and
                  | Lehudib's Crystal Spear to your library.
  4923 | D:4      | Found a shimmering blue altar of Sif Muna.
  4930 | D:4      | Reached skill level 4 in Spellcasting
  4943 | D:4      | You add the spells Shock and Sandblast to your library.
  4943 | D:4      | Got Sif Muna's Papyrus of the Mountains and Feathers
  4948 | D:4      | Found a bloodstained altar of Trog.
  4948 | D:4      | Noticed an orc warrior
  4953 | D:4      | Killed an orc warrior
  4954 | D:4      | Reached skill level 1 in Transmutations
  5176 | D:5      | Entered Level 5 of the Dungeon
  5191 | D:5      | Reached skill level 2 in Transmutations
  5195 | D:5      | Reached XP level 7. HP: 37/37 MP: 14/14
  5341 | D:5      | Reached skill level 3 in Transmutations
  5356 | D:5      | Reached skill level 4 in Fighting
  5403 | D:5      | Reached skill level 6 in Dodging
  5403 | D:5      | Reached skill level 5 in Spellcasting
  5467 | D:5      | Found a sand-covered staircase.
  5471 | Ossuary  | Entered an ossuary
  5599 | Ossuary  | Reached ***** piety under Lugonu
  5788 | D:5      | Reached skill level 4 in Transmutations
  5922 | D:5      | Found a transporter.
  5945 | D:5      | Found a transporter.
  5951 | D:5      | Noticed enile's ghost (novice GnWn)
  6401 | D:6      | Noticed Pikel
  6533 | D:6      | Noticed Maggie
  6565 | D:6      | Learned a level 7 spell: Storm Form
  6579 | D:6      | Reached skill level 5 in Transmutations
  6627 | D:5      | Killed Pikel
  6628 | D:5      | Reached skill level 7 in Dodging
  6628 | D:5      | Reached skill level 6 in Transmutations
  6628 | D:5      | Reached XP level 8. HP: 24/42 MP: 15/17
  6783 | D:6      | Noticed Grinder
  6796 | D:5      | Killed Grinder
  6797 | D:5      | Reached skill level 6 in Spellcasting
  6797 | D:5      | Reached skill level 7 in Transmutations
  6894 | D:5      | Reached skill level 5 in Fighting
  7052 | D:6      | HP: 8/41 [Maggie/+3 glaive of draining (17)]
  7052 | D:6      | HP: 2/39 [Maggie/+3 glaive of draining (6)]
  7057 | D:6      | Killed Maggie
  7058 | D:6      | Reached skill level 8 in Dodging
  7058 | D:6      | Reached skill level 8 in Transmutations
  7058 | D:6      | Reached XP level 9. HP: 27/47 MP: 19/19
  7569 | D:6      | You pick up a book of Changes and begin reading...
  7569 | D:6      | You add the spells Beastly Appendage, Wereblood and Spider
                  | Form to your library.
  7594 | D:6      | Reached skill level 7 in Spellcasting
  7594 | D:6      | Reached skill level 9 in Transmutations
  8211 | D:7      | Found Uvetoup's General Store.
  8218 | D:7      | Learned a level 1 spell: Beastly Appendage
  8221 | D:7      | Learned a level 2 spell: Wereblood
  8357 | D:7      | Noticed a deep elf pyromancer
  8372 | D:7      | Killed a deep elf pyromancer
  8373 | D:7      | Reached skill level 9 in Dodging
  8373 | D:7      | Reached skill level 10 in Transmutations
  8373 | D:7      | Reached skill level 1 in Air Magic
  8498 | D:7      | Reached skill level 6 in Fighting
  9150 | D:7      | Found a shadowy altar of Dithmenos.
  9322 | D:7      | Reached skill level 2 in Air Magic
  9322 | D:7      | Reached XP level 10. HP: 37/53 MP: 21/21
  9533 | D:7      | Noticed a two-headed ogre
  9567 | D:7      | Killed a two-headed ogre
  9614 | D:7      | Reached skill level 11 in Transmutations
  9854 | D:8      | HP: 11/53 [killer bee (3)]
 10304 | D:8      | Reached skill level 3 in Air Magic
 10546 | D:8      | Reached skill level 10 in Dodging
 10684 | D:8      | Found a hide-covered altar of Uskayaw.
 10863 | D:8      | Found a staircase to the Lair.
 10955 | D:8      | Found a basalt altar of Yredelemnul.
 11299 | D:8      | HP: 15/79 [hornet (10)]
 11301 | D:8      | Gained mutation: You are clumsy. (Dex -2) [potion of
                  | mutation]
 11301 | D:8      | Gained mutation: You have a pair of small horns on your
                  | head. [potion of mutation]
 11301 | D:8      | Gained mutation: You are partially covered in iridescent
                  | scales. (AC +2) [potion of mutation]
 11305 | D:8      | HP: 19/79 [poisoned by a hornet]
 11984 | D:9      | Found a snail-covered altar of Cheibriados.
 11996 | D:9      | Reached skill level 12 in Transmutations
 12056 | D:9      | HP: 4/53 [wight/+0 battleaxe (14)]
 12056 | D:9      | Slain by a wight

Vanquished Creatures
  A two-headed ogre (D:7)
  A deep elf pyromancer (D:7)
  Pikel (D:5)
  Maggie (D:6)
  A hornet (D:8)
  Grinder (D:5)
  A slime creature (D:8)
  2 wyverns
  6 yaks (D:9)
  An acid dragon (D:8)
  3 orc warriors
  2 ice beasts
  2 sky beasts
  3 black bears
  An ogre (D:5)
  A phantom (D:6)
  A lemure (D:6)
  A bullfrog (D:7)
  2 necrophages
  2 scorpions
  4 wights (D:6)
  12 killer bees
  4 hounds
  A howler monkey (D:8)
  A centaur zombie (Ossuary)
  3 jellies
  4 orc priests
  An iguana (D:5)
  2 gnoll shamans
  5 orc wizards
  Ijyb (D:3)
  2 mummies (Ossuary)
  17 gnolls
  6 adders
  4 white imps (D:6)
  An ufetubus (D:6)
  An adder zombie (Ossuary)
  2 worms (D:2)
  7 dart slugs
  16 orcs
  7 endoplasms
  4 giant cockroaches
  7 goblins
  8 hobgoblins
  8 quokkas
  7 ball pythons
  8 bats
  4 frilled lizards
  A goblin zombie (Ossuary)
  9 hobgoblin zombies (Ossuary)
  3 jackal zombies (Ossuary)
  6 kobolds
  10 kobold zombies (Ossuary)
  9 orc zombies (Ossuary)
  8 rats
  3 rat zombies (Ossuary)
230 creatures vanquished.

Vanquished Creatures (collateral kills)
  3 killer bees (D:7)
3 creatures vanquished.

Grand Total: 233 creatures vanquished

Table legend:
 A = Non-vault XP
 B = Vault XP
 C = Vault XP percentage of total XP
 D = Non-vault monster count
 E = Vault monster count
 F = Vault count percentage of total count
                 A         B        C        D         E       F
            +---------+---------+-------+---------+---------+-------
      Total |    8277 |    1677 |  16.8 |     180 |      52 |  22.4
            +---------+---------+-------+---------+---------+-------
        D:1 |      51 |       0 |   0.0 |      30 |       0 |   0.0
        D:2 |      78 |       0 |   0.0 |      22 |       0 |   0.0
        D:3 |      54 |      59 |  52.2 |      16 |       8 |  33.3
        D:4 |     270 |     167 |  38.2 |      13 |       2 |  13.3
        D:5 |     649 |     932 |  59.0 |      15 |       2 |  11.8
        D:6 |    1368 |     398 |  22.5 |      28 |       1 |   3.4
        D:7 |    2670 |       0 |   0.0 |      30 |       0 |   0.0
        D:8 |    1705 |       0 |   0.0 |      19 |       0 |   0.0
        D:9 |    1432 |       0 |   0.0 |       7 |       0 |   0.0
    Ossuary |       0 |     121 | 100.0 |       0 |      39 | 100.0
            +---------+---------+-------+---------+---------+-------

Illustrated notes

Table legend:
 A = Kills in this place as a percentage of kills in entire the game.
 B = Kills by you in this place as a percentage of kills by you in the entire game.
 C = Kills by friends in this place as a percentage of kills by friends in the entire game.
 D = Other kills in this place as a percentage of other kills in the entire game.
 E = Experience gained in this place as a percentage of experience gained in the entire game.
 F = Experience gained in this place divided by the number of levels of this place that you have seen.
                   A       B       C       D       E      F
               +-------+-------+-------+-------+-------+----------------------
         Total | 100.0 | 100.0 | 100.0 |   N/A | 100.0 | 904.9
       Dungeon |  83.2 |  83.0 | 100.0 |   N/A |  98.8 | 1092.6
       Ossuary |  16.8 |  17.0 |   0.0 |   N/A |   1.2 | 121.0
               +-------+-------+-------+-------+-------+----------------------

Table legend: (Time is in decaauts)
 A = Elapsed time spent in this place.
 B = Non-inter-level travel time spent in this place.
 C = Inter-level travel time spent in this place.
 D = Time resting spent in this place.
 E = Time spent auto-exploring this place.
 F = Levels seen in this place.
 G = Mean time per level.
                   A        B        C        D        E       F      G
               +--------+--------+--------+--------+--------+-----+--------+
         Total |   9902 |   9763 |    139 |   3885 |   3968 |  11 |  900.2 |
       Dungeon |   9685 |   9546 |    139 |   3885 |   3904 |   9 | 1076.1 |
         Abyss |     18 |     18 |      0 |      0 |     13 |   1 |   18.0 |
       Ossuary |    198 |    198 |      0 |      0 |     50 |   1 |  198.0 |
               +--------+--------+--------+--------+--------+-----+--------+

Top non-repeatable levels by time:
     D:1: 1587 daAuts
     D:8: 1445 daAuts
     D:5: 1284 daAuts
     D:2: 1249 daAuts
     D:7: 1236 daAuts
     D:6: 1189 daAuts
     D:3: 881 daAuts
     D:4: 570 daAuts
     D:9: 243 daAuts
 Ossuary: 198 daAuts
 Abyss:1: 18 daAuts
